 Dungeon Crawl Stone Soup version 0.18-a0-1343-g48c8f86 (console) character file.

28 Liam the Magician (level 3, -2/19 HPs)
             Began as a Deep Elf Wizard on Feb 16, 2016.
             Slain by Grinder (6 damage)
             ... while paralysed by Grinder
             ... on level 3 of the Dungeon.
             The game lasted 00:03:51 (1669 turns).

Liam the Magician (Deep Elf Wizard)                 Turns: 1669, Time: 00:03:51

Health: -2/19      AC:  2    Str:  4    XL:     3   Next: 0%
Magic:  4/11       EV:  2    Int: 23    God:
Gold:   94         SH:  0    Dex: 13    Spells: 1 memorised, 11 levels left

rFire  . . .     SeeInvis .     (no weapon)
rCold  . . .     Gourm    .     a - +0 robe
rNeg   . . .     Faith    .     (no shield)
rPois  .         Spirit   .     b - +0 hat
rElec  .         Dismiss  .     (no cloak)
rCorr  .         Reflect  .     (no gloves)
SustAt .         Harm     .     (no boots)
MR     .....                    (no amulet)
Stlth  ++........               (no ring)
                                (no ring)

@: paralysed, not resistant to hostile enchantments, unstealthy
A: no striking features
a: no special abilities


You were on level 3 of the Dungeon.
You were very hungry.

You visited 1 branch of the dungeon, and saw 3 of its levels.

You collected 94 gold pieces.

Inventory:

Armour
 a - a +0 robe (worn)
 b - a +0 hat (worn)
Jewellery
 i - an uncursed ring of protection from fire {unknown}
 n - a +5 amulet of reflection {unknown}
Scrolls
 e - 2 scrolls of teleportation {unknown}
 h - a scroll of recharging {unknown}
 j - a scroll of fear {unknown}
 k - a scroll of enchant armour {unknown}
 l - 2 scrolls of identify {unknown}
 p - a scroll of remove curse {unknown}
 q - a scroll of fog {unknown}
Potions
 g - a potion of curing {unknown}
 m - a potion of agility {unknown}
 o - a potion of degeneration {unknown}
 r - a potion of invisibility {unknown}
Books
 c - a book of Minor Magic

   Spells                             Type                      Level
   a - Magic Dart                     Conjuration                  1
   b - Blink                          Translocation                2
   c - Call Imp                       Summoning                    2
   d - Repel Missiles                 Charms/Air                   2
   e - Slow                           Hexes                        2
   f - Conjure Flame                  Conjuration/Fire             3
   g - Mephitic Cloud                 Conjuration/Poison/Air       3
Comestibles
 d - a bread ration
 f - a meat ration


   Skills:
 - Level 2.4 Dodging
 - Level 2.4 Stealth
 + Level 5.1 Spellcasting
 + Level 2.5 Conjurations
   Level 1.1 Summonings
   Level 1.1 Translocations


You had 11 spell levels left.
You knew the following spells:

 Your Spells              Type           Power        Failure   Level  Hunger
a - Magic Dart            Conj           ###.         3%          1    None


Dungeon Overview and Level Annotations

Branches:
Dungeon (3/15)

Altars:
Dithmenos
Qazlal

Annotations:
D:3 Grinder


Message History

Confirm with . or Enter, or press ? or * to list all spells.
Aiming: Magic Dart
Press: ? - help, Shift-Dir - straight line, f/p - Grinder
Aim: Grinder (moderately wounded)
The magic dart hits Grinder.
Grinder is moderately wounded.
Grinder hits you.
You writhe in agony.
Casting: Magic Dart
Confirm with . or Enter, or press ? or * to list all spells.
Aiming: Magic Dart
Press: ? - help, Shift-Dir - straight line, f/p - Grinder
Aim: Grinder (moderately wounded)
The magic dart hits Grinder.
Grinder is moderately wounded.
Grinder gestures at you.
You suddenly lose the ability to move!
Grinder hits you!
* * * LOW HITPOINT WARNING * * *
You writhe in agony.
You die...

#.<#$...#[#
#..#w.....#.#
#..##'#.....#
##.#..####..#
#..w###<# .#
#...# #.# #
#...###.# .#
#.......#..#.#
#.#...=@5....#
#.#..####..#.#
#.#..# ..#
#....# .#
####..# .#
##.# # .# ..
#.#


You could see Grinder.

Vanquished Creatures
  An ooze (D:1)
  A worm (D:2)
  A giant gecko (D:1)
  3 bats
  A giant cockroach (D:2)
  5 goblins
  2 hobgoblins (D:1)
  2 giant newts (D:2)
  3 kobolds
  A rat (D:2)
20 creatures vanquished.

Notes
Turn   | Place    | Note
--------------------------------------------------------------
     0 | D:1      | Liam the Deep Elf Wizard began the quest for the Orb.
     0 | D:1      | Reached XP level 1. HP: 10/10 MP: 7/7
   747 | D:1      | Reached XP level 2. HP: 15/15 MP: 6/9
  1138 | D:2      | Reached skill level 5 in Spellcasting
  1520 | D:2      | Found a shadowy altar of Dithmenos.
  1521 | D:2      | Found a stormy altar of Qazlal.
  1576 | D:3      | Reached XP level 3. HP: 19/19 MP: 6/11
  1593 | D:3      | Noticed Grinder
  1668 | D:3      | Paralysed by Grinder for 5 turns
  1669 | D:3      | Slain by Grinder

Vault maps used:
D:1:      evilmike_arrival_crescent
D:2:      lemuel_upstairs_altar, gammafunk_temple_overflow_pools
D:3:      grunt_temple_overflow_gold_and_silver, portal_sewer_entry_a,
          uniq_grinder, uniq_terence, uniq_iyjb, uniq_sigmund

Action                   || total
-------------------------++-------
 Cast: Magic Dart        ||    67
  Eat: Chunk             ||     1
